 Dungeon Crawl Stone Soup version 0.30-a0-414-gcb316572d5 (webtiles) character file.

Game seed: 15978090669135687800

175 ragingrage the Gusty (level 5, -3/24 HPs)
             Began as a Spriggan Air Elementalist on Dec 7, 2022.
             Was an Initiate of Gozag.
             Slain by Pikel
             ... wielding a +2 whip of flaming
              (7 damage)
             ... on level 4 of the Dungeon.
             The game lasted 00:03:20 (3418 turns).

ragingrage the Gusty (Spriggan Air Elementalist)    Turns: 3418, Time: 00:03:20

Health: -3/24      AC:  2    Str: 10    XL:     5   Next: 29%
Magic:  2/10       EV: 17    Int: 19    God:    Gozag
Gold:   173        SH:  0    Dex: 15    Spells: 1/9 levels left

rFire   . . .      SeeInvis +    e - +1 dagger (venom)
rCold   . . .      Faith    .    (no shield)
rNeg    . . .      Spirit   .    a - +0 robe
rPois   .          Reflect  .    (helmet restricted)
rElec   .          Harm     .    (no cloak)
rCorr   .          Rampage  .    (gloves unavailable)
Will    .....                    (boots unavailable)
Stlth   ++........               c - amulet of the acrobat
HPRegen 0.24/turn                t - +6 ring of strength
MPRegen 0.12/turn                (no ring)

@: very slightly contaminated, very quick
A: very small, no large weapons, unfitting armour, see invisible, speed 3
a: Renounce Religion, Potion Petition, Call Merchant, Bribe Branch


You were on level 4 of the Dungeon.
You worshipped Gozag.
Gozag was aware of your devotion.
You visited 1 branch of the dungeon, and saw 4 of its levels.

You collected 229 gold pieces.
You paid 56 gold pieces to Gozag.

Inventory:

Hand Weapons
 e - a +1 dagger of venom (weapon)
 m - the +7 war axe of Gin and Tonic {spect, rF- rCorr Str+4 Int+2}
   (You found it on level 2 of the Dungeon)

   When its wielder attacks, the weapon's spirit leaps out and strikes again.
   The spirit shares a part of any damage it takes with its wielder.
   Str:       It affects your strength (+4).
   Int:       It affects your intelligence (+2).
   rF:        It makes you vulnerable to fire.
   rCorr:     It protects you from acid and corrosion.
Armour
 a - a +0 robe (worn)
Jewellery
 c - an amulet of the acrobat (around neck)
 t - a +6 ring of strength (left hand)
Wands
 u - a wand of roots (11)
Scrolls
 d - a scroll of immolation {unknown}
 f - a scroll of summoning {unknown}
 h - a scroll of torment {unknown}
 i - 3 scrolls of identify {unknown}
 j - 3 scrolls of fear {unknown}
 n - a scroll of poison {unknown}
 p - a scroll of butterflies {unknown}
 r - a scroll of teleportation {unknown}
Potions
 b - a potion of magic
 g - 2 potions of mutation {unknown}
 k - a potion of haste {unknown}
 l - 2 potions of degeneration {unknown}
 o - 3 potions of curing {unknown}
 q - a potion of berserk rage {unknown}
 s - a potion of brilliance {unknown}


   Skills:
 - Level 2.6 Dodging
 + Level 3.2 Stealth
 - Level 2.6 Spellcasting
 - Level 0.6 Conjurations
 + Level 5.5 Air Magic


You had one spell level left.
You knew the following spells:

 Your Spells              Type           Power      Damage    Failure   Level
a - Shock                 Conj/Air       56%        1d6       4%          1
b - Swiftness             Air            23%        N/A       4%          3
c - Airstrike             Air            11%        2d(2-18)  16%         4

Your spell library contained the following spells:

 Spells                   Type           Power      Damage    Failure   Level
 Magic Dart               Conj           16%        1d3       12%         1
 Static Discharge         Conj/Air       28%        2-4/arc   7%          2
 Mephitic Cloud           Conj/Pois/Air  10%        N/A       21%         3
 Call Imp                 Summ           2%         N/A       24%         2
 Sublimation of Blood     Necr           2%         N/A       24%         2
 Wereblood                Tmut           2%         N/A       24%         2
 Summon Hydra             Summ           1%         N/A       100%        7


Dungeon Overview and Level Annotations

Branches:
Dungeon (4/15)
 Temple: D:4-7

Altars:
Gozag
Okawaru
The Shining One

Annotations:
D:4 exclusion: lemure, Pikel


Innate Abilities, Weirdness & Mutations

You are very small and have problems with some larger weapons.
You are too small for most types of armour.
You have supernaturally acute eyesight. (SInv)
You cover ground extremely quickly. (Speed+++)


Message History

The zap misses Pikel.
The zap hits Pikel.
Pikel is moderately wounded.
Aiming: Shock (safe; 4% risk of failure)
Press: ? - help, Q - select action, (/) - cycle Shift-Dir - straight line The zap misses Pikel.
The zap hits Pikel but does no damage.
Pikel is lightly wounded.
Aiming: Shock (safe; 4% risk of failure)
Press: ? - help, Q - select action, (/) - cycle Shift-Dir - straight line The zap hits Pikel.
Pikel is moderately wounded.
The zap misses Pikel.
Pikel misses you.
Aiming: Shock (safe; 4% risk of failure)
Press: ? - help, Q - select action, (/) - cycle Shift-Dir - straight line The zap misses Pikel. x2
Pikel hits you with a +2 whip of flaming.
Pikel burns you.
Aiming: Shock (safe; 4% risk of failure)
Press: ? - help, Q - select action, (/) - cycle Shift-Dir - straight line You miscast Shock.
You are very lightly contaminated with residual magic.
Nothing appears to happen.
Pikel barely misses you.
Aiming: Shock (safe; 4% risk of failure)
Press: ? - help, Q - select action, (/) - cycle Shift-Dir - straight line The zap misses Pikel.
The zap hits Pikel.
Pikel is moderately wounded.
Pikel closely misses you.
Aiming: Shock (safe; 4% risk of failure)
Press: ? - help, Q - select action, (/) - cycle Shift-Dir - straight line The zap hits Pikel.
Pikel is moderately wounded.
The zap hits Pikel.
Pikel is moderately wounded.
Pikel hits you with a +2 whip of flaming!
Ouch! That really hurt!
* * * LOW HITPOINT WARNING * * *
Pikel burns you!
You die...
Your body crumbles into a pile of gold.

#.#######.## .## #.# #.#
#.## .###.. #.#######.##
##.#.# ###......#...###...#
#........#.##.#.#..#
#.########.###.##..# ###.#
#.# #.##..# ....## #.#
#K##..#
.....#######K###@##..#
.................##..##
.....#######.######...######
....## #.######.#......#
#.#.# #..........####.#
#.#.# ############ #.# ####
#.#.# #.# #.< #.#.##########
#.# #.# #.#K.........#
##.###.##


You could see Pikel.

Vanquished Creatures
  A lemure (D:4)
  Natasha (thrice) (D:3)
  3 adders
  2 dart slugs (D:1)
  2 orcs (D:3)
  4 ball pythons
  5 endoplasms
  A giant cockroach (D:2)
  7 hobgoblins
  A jackal (D:4)
  5 kobolds
  7 quokkas
  12 bats
  2 frilled lizards (D:1)
  7 goblins
  9 rats
71 creatures vanquished.

Notes
Turn   | Place    | Note
-------+----------+-------------------------------------------
     0 | D:1      | ragingrage the Spriggan Air Elementalist began the quest
                  | for the Orb.
     0 | D:1      | Reached XP level 1. HP: 9/9 MP: 5/5
   216 | D:1      | Reached skill level 3 in Air Magic
   398 | D:1      | Reached XP level 2. HP: 13/13 MP: 2/6
  1021 | D:1      | Reached XP level 3. HP: 16/16 MP: 4/8
  1025 | D:1      | Learned a level 3 spell: Swiftness
  1188 | D:1      | Reached skill level 4 in Air Magic
  1553 | D:2      | Identified the +7 war axe of Gin and Tonic {spect, rF-
                  | rCorr Str+4 Int+2}
  2224 | D:2      | Reached XP level 4. HP: 21/21 MP: 7/9
  2397 | D:3      | Noticed Natasha
  2414 | D:3      | Killed Natasha
  2487 | D:3      | Learned a level 4 spell: Airstrike
  2617 | D:3      | Noticed Natasha
  2636 | D:3      | Killed Natasha
  2637 | D:3      | Reached skill level 5 in Air Magic
  2744 | D:3      | Found an opulent altar of Gozag.
  2770 | D:3      | Noticed Natasha
  2780 | D:3      | Killed Natasha
  2781 | D:3      | Reached XP level 5. HP: 22/24 MP: 6/10
  2784 | D:3      | Became a worshipper of Gozag Ym Sagoz the Greedy
  2877 | D:3      | Found a glowing golden altar of the Shining One.
  3043 | D:4      | Noticed a lemure
  3228 | D:4      | Found an iron altar of Okawaru.
  3331 | D:4      | Noticed a lemure
  3333 | D:4      | Noticed a lemure
  3334 | D:4      | Noticed Pikel
  3350 | D:4      | Killed a lemure
  3418 | D:4      | Slain by Pikel

Illustrated notes

Levels and vault maps discovered:
D:1:      dpeg_cavernosity, layout_basic
D:2:      layout_loops_ring
D:3:      layout_rooms, tso_metal_star, nicolae_gozag_seed_capital,
          chequers_mini_garden, uniq_natasha
D:4:      layout_loops_ring, okawaru_ov_weapons_minmay, temple_hall,
          serial_shops, nicolae_take_the_stairs, uniq_pikel

Skill      XL: |  1  2  3  4 |
---------------+-------------+-----
Air Magic      | 3 4 5 |  5.5
Dodging        | |  2.6
Stealth        | |  3.2
Spellcasting   | |  2.6
Conjurations   | |  0.6

Action                   |  1- 3 |  4- 6 || total
-------------------------+-------+-------++-------
Melee: Dagger            |    26 |     9 ||    35
 Cast: Shock             |    82 |    65 ||   147
 Stab: Sleeping          |     3 |       ||     3
Armor: Robe              |     7 |       ||     7
Dodge: Dodged            |    18 |    11 ||    29

Table legend: (Time is in decaauts)
 A = Elapsed time spent in this place.
 B = Non-inter-level travel time spent in this place.
 C = Inter-level travel time spent in this place.
 D = Time resting spent in this place.
 E = Time spent auto-exploring this place.
 F = Levels seen in this place.
 G = Mean time per level.
                   A        B        C        D        E       F      G
               +--------+--------+--------+--------+--------+-----+--------+
         Total |   2680 |   2618 |     62 |    488 |   1743 |   4 |  670.0 |
       Dungeon |   2680 |   2618 |     62 |    488 |   1743 |   4 |  670.0 |
               +--------+--------+--------+--------+--------+-----+--------+

Top non-repeatable levels by time:
     D:1: 1202 daAuts
     D:2: 644 daAuts
     D:3: 486 daAuts
     D:4: 347 daAuts
